 Dungeon Crawl Stone Soup version 0.29-a0-194-g6e3aafee17 (webtiles) character file.

Game seed: 10428294249100889697

37 drugrobin the Grasshopper (level 3, -1/29 HPs)
             Began as a Demigod Warper on Feb 22, 2022.
             Slain by Natasha (5 damage)
             ... on level 2 of the Dungeon.
             The game lasted 00:04:12 (1235 turns).

drugrobin the Grasshopper (Demigod Warper)          Turns: 1235, Time: 00:04:14

Health: -1/29      AC:  3    Str: 16    XL:     3   Next: 8%
Magic:  7/8        EV: 11    Int: 15    God:
Gold:   29         SH:  0    Dex: 13    Spells: 0/5 levels left

rFire   . . .      SeeInvis .   a - +0 spear
rCold   . . .      Faith    .   (no shield)
rNeg    . . .      Spirit   .   b - +0 leather armour
rPois   .          Reflect  .   (no helmet)
rElec   .          Harm     .   (no cloak)
rCorr   .          Rampage  .   (no gloves)
Will    .....                   (no boots)
Stlth   +.........              (no amulet)
HPRegen 0.09/turn               (no ring)
MPRegen 0.11/turn               (no ring)

@: slowed, very slow
A: high MP 1, forlorn, divine attributes
a: no special abilities


You were on level 2 of the Dungeon.
You visited 1 branch of the dungeon, and saw 2 of its levels.

You collected 29 gold pieces.

Inventory:

Hand Weapons
 a - a +0 spear (weapon)
Missiles
 d - 5 boomerangs of dispersal
 h - 48 stones
 i - 4 boomerangs (quivered)
Armour
 b - a +0 leather armour (worn)
Jewellery
 e - a +6 ring of intelligence
Scrolls
 c - a scroll of blinking
 g - a scroll of identify {unknown}
 j - a scroll of amnesia {unknown}
Potions
 k - a potion of lignification {unknown}


   Skills:
 - Level 1.7 Fighting
 + Level 3.0 Polearms
 - Level 0.8 Throwing
 - Level 0.8 Armour
 - Level 1.7 Dodging
 - Level 1.7 Spellcasting
 + Level 3.1 Translocations


You couldn't memorise any spells.
You knew the following spells:

 Your Spells              Type           Power      Damage    Failure   Level
a - Blink                 Tloc           20%        N/A       12%         2
b - Teleport Other        Tloc           10%        N/A       24%         3

Your spell library contained the following spells:

 Spells                   Type           Power      Damage    Failure   Level
 Gell's Gravitas          Tloc           10%        N/A       24%         3
 Lesser Beckoning         Tloc           10%        N/A       24%         3
 Manifold Assault         Tloc           10%        N/A       91%         5


Dungeon Overview and Level Annotations

Branches:
Dungeon (2/15)

Annotations:
D:2 Natasha


Innate Abilities, Weirdness & Mutations

You have an increased reservoir of magic. (+10% MP)
You shall have no god before yourself.
Your divine heritage dramatically boosts your attributes as you level up.


Message History

Natasha is lightly wounded.
Natasha struggles against the net.
Natasha stares at you and mumbles some strange words.
The magic dart hits you.
Natasha struggles against the net.
Reach: a) +0 spear
Press: ? - help, Dir - move target, f/p - Natasha
Aim: Natasha (lightly wounded, entangled in a net, about 18% to evade your +0 spear)
You reach to attack!
You hit Natasha.
Natasha is moderately wounded.
You feel stable enough to blink again.
Unknown command.
Reach: a) +0 spear
Press: ? - help, Dir - move target, f/p - Natasha
Aim: Natasha (moderately wounded, entangled in a net, about 18% to evade your +0 spear)
You reach to attack!
You hit Natasha but do no damage.
Natasha is moderately wounded.
Natasha struggles against the net.
The net rips apart, and Natasha comes free!
Unknown command.
You barely miss Natasha.
Natasha is moderately wounded.
Natasha barely misses you. Natasha claws you.
You hit Natasha but do no damage.
Natasha is lightly wounded.
Natasha hisses.
Natasha closely misses you.
You hit Natasha.
Natasha is heavily wounded.
Natasha claws you.
Natasha mumbles some strange words.
You hit Natasha.
Natasha is heavily wounded.
Natasha closely misses you.
Unknown command.
You closely miss Natasha.
Natasha is heavily wounded.
Natasha claws you. The iron imp hits you.
* * * LOW HITPOINT WARNING * * *
Natasha claws you.
You die...

####.........#
#.......##.#.#
#....#####.#.# #.####
#.#.#.# #.######.#.#†#
#######......#.#.#.#
.............#.#.#.#
.######............#
#........@5..#
#.>......h.)##
#######......#.#.#.#
##....................g...g
#.>.....†...............<.?
#........####..........####
#........# #...####.##.#
#........####### ... ..
+...<......# ... ..


You could see an iron imp (summoned) and Natasha.

Vanquished Creatures
  A gnoll (D:1)
  2 dart slugs
  2 endoplasms (D:1)
  A giant cockroach (D:1)
  7 goblins
  A hobgoblin (D:1)
  A kobold (D:2)
  A bat (D:1)
  3 frilled lizards
  4 rats (D:1)
23 creatures vanquished.

Notes
Turn   | Place    | Note
-------+----------+-------------------------------------------
     0 | D:1      | drugrobin the Demigod Warper began the quest for the Orb.
     0 | D:1      | Reached XP level 1. HP: 17/17 MP: 5/5
   278 | D:1      | Reached XP level 2. HP: 16/24 MP: 7/7
   281 | D:1      | Learned a level 2 spell: Blink
  1200 | D:2      | Reached XP level 3. HP: 28/29 MP: 8/8
  1204 | D:2      | Learned a level 3 spell: Teleport Other
  1223 | D:2      | Noticed Natasha
  1235 | D:2      | Slain by Natasha

Illustrated notes

Levels and vault maps discovered:
D:1:      minmay_arrival_doors, layout_basic,
          ebering_ecumenical_altar_sacrificial
D:2:      layout_basic, pf_guarded_unrand_woodcutter, uniq_natasha

Skill      XL: |  1  2 |
---------------+-------+-----
Polearms       | 2 3 |  3.0
Translocations | 3 |  3.1
Fighting       | |  1.7
Throwing       | |  0.8
Armour         | |  0.8
Dodging        | |  1.7
Spellcasting   | |  1.7

Action                   || total
-------------------------++-------
Melee: Spear             ||    73
Throw: Boomerang         ||    16
       Stone             ||     1
       Throwing net      ||     1
 Cast: Blink             ||     3
Armor: Leather armour    ||     7
Dodge: Dodged            ||    17

Table legend: (Time is in decaauts)
 A = Elapsed time spent in this place.
 B = Non-inter-level travel time spent in this place.
 C = Inter-level travel time spent in this place.
 D = Time resting spent in this place.
 E = Time spent auto-exploring this place.
 F = Levels seen in this place.
 G = Mean time per level.
                   A        B        C        D        E       F      G
               +--------+--------+--------+--------+--------+-----+--------+
         Total |   1241 |   1161 |     80 |    326 |    529 |   2 |  620.5 |
       Dungeon |   1241 |   1161 |     80 |    326 |    529 |   2 |  620.5 |
               +--------+--------+--------+--------+--------+-----+--------+

Top non-repeatable levels by time:
     D:1: 1136 daAuts
     D:2: 105 daAuts
